 Dungeon Crawl Stone Soup version 0.22-a0-322-g60b3cfd (webtiles) character file.

175 Goblin1989 the Changer (level 5, 0/33 HPs)
             Began as an Octopode Transmuter on Apr 5, 2018.
             Was an Initiate of Gozag.
             Slain by an orc
             ... wielding a +0 mace
              (5 damage)
             ... on level 3 of the Dungeon.
             The game lasted 00:09:17 (3387 turns).

Goblin1989 the Changer (Octopode Transmuter)        Turns: 3387, Time: 00:09:18

Health: 0/33       AC:  1    Str: 10    XL:     5   Next: 55%
Magic:  4/8        EV: 13    Int: 16    God:    Gozag
Gold:   123        SH:  0    Dex: 12    Spells: 2/8 levels left

rFire    . . .     SeeInvis .     - Unarmed
rCold    . . .     Gourm    .   (no shield)
rNeg     . . .     Faith    .   (helmet restricted)
rPois    +         Spirit   .   (no amulet)
rElec    .         Reflect  .   o - ring of poison resistance
rCorr    .         Harm     .   (no ring)
MR       .....                  (no ring)
Stlth    ++........             (no ring)
HPRegen  0.11/turn              (no ring)
MPRegen  0.11/turn              (no ring)
                                (no ring)
                                (no ring)

@: gold aura, very slightly contaminated
A: almost no armour, stealthy swim, amphibious, 8 rings, constrict 8, camouflage
1, gelatinous body 1
a: Potion Petition, Call Merchant, Bribe Branch, Renounce Religion


You were on level 3 of the Dungeon.
You worshipped Gozag.
Gozag was aware of your devotion.
You were not hungry.

You visited 1 branch of the dungeon, and saw 3 of its levels.

You collected 146 gold pieces.
You paid 23 gold pieces to Gozag.

Inventory:

Missiles
 a - 31 arrows
 h - 50 stones (quivered) {@Q3}
 r - 26 sling bullets
Jewellery
 o - a ring of poison resistance (left tentacle)
Scrolls
 R - 2 scrolls of identify {@r1}
 T - a scroll of teleportation
 U - 2 scrolls of enchant armour
Potions
 j - 2 potions of berserk rage
 k - a potion of lignification {unknown}
 m - a potion of haste {unknown}
 n - a potion of flight {unknown}
 q - a potion of curing {unknown}
 X - a potion of might {unknown}
Comestibles
 e - 4 rations


   Skills:
 + Level 1.4 Fighting
 + Level 2.3 Dodging
 * Level 3.4 Unarmed Combat
 - Level 2.0 Spellcasting
 + Level 5.0 Transmutations


You had 2 spell levels left.
You knew the following spells:

 Your Spells              Type           Power        Failure   Level  Hunger
a - Beastly Appendage     Tmut           ###...       2%          1    #......
b - Sticks to Snakes      Tmut           ###.....     4%          2    ###....
c - Spider Form           Tmut/Pois      #.........   22%         3    ###....


Dungeon Overview and Level Annotations

Branches:
Dungeon (3/15)

Altars:
Ashenzari
Gozag

Annotations:
D:3 1 exclusion


Innate Abilities, Weirdness & Mutations

You cannot wear most types of armour.
You are very stealthy in the water. (Stealth+)
You are amphibious.
You can wear up to eight rings at the same time.
You can use your tentacles to constrict eight enemies at once.
Your skin changes colour to match your surroundings (Stealth+).
Your rubbery body absorbs attacks. (AC +1, EV +1)


Message History

The adder misses you.
You closely miss the adder.
The adder is lightly wounded.
The adder closely misses you.
You hit the adder.
The adder looks as sick as possible!
The adder is heavily wounded.
The adder completely misses you. The adder bites you.
You take 3 damage, and have 29/33 hp.
You closely miss the adder.
The adder is heavily wounded.
The adder barely misses you.
You bite the adder!
You kill the adder!
You closely miss the frilled lizard. The frilled lizard barely misses you.
You hit the frilled lizard.
You kill the frilled lizard!
You see here 20 gold pieces.
You now have 69 gold pieces (gained 20).
Your transformation has ended.
Things that are here:
23 gold pieces; a dagger; a hand axe You now have 92 gold pieces (gained 23).
Things that are here:
10 gold pieces; a falchion; a ring mail You now have 102 gold pieces (gained 10).
MP restored: 8 A worm comes into view.
A worker ant comes into view.
The worker ant moves out of view.
You barely miss the worm. Your grab misses the worm.
The worm barely misses you.
You tentacle-slap the worm. You grab the worm.
The worm is moderately wounded.
You constrict the worm. You tentacle-slap the worm.
The worm is severely wounded.
You constrict the worm. The worm closely misses you.
You tentacle-slap the worm.
The worm is almost dead.
You constrict the worm. The worm bites you.
You take 2 damage, and have 30/33 hp.
You tentacle-slap the worm.
You kill the worm!
The leopard gecko misses you.
You see here 7 gold pieces.
You now have 109 gold pieces (gained 7).
The leopard gecko bites you.
You take 5 damage, and have 25/33 hp.
You miss the leopard gecko. Your grab misses the leopard gecko.
The leopard gecko hisses menacingly.
The leopard gecko closely misses you.
You tentacle-slap the leopard gecko.
You kill the leopard gecko!
Your Transmutations skill increases to level 5!
You see here 6 gold pieces.
You now have 115 gold pieces (gained 6).
The worker ant is distracted by your gold.
Casting: Spider Form (safe; 22% risk of failure)
Confirm with . or Enter, or press ? or * to list all spells.
You turn into a venomous arachnid creature.
The worker ant twitches its antennae in your direction.
You now have 5/8 mp.
You see here a ration.
e - 4 rations (gained 1)
The worker ant is no longer distracted by gold.
The worker ant misses you.
You bite the worker ant!
The worker ant is poisoned.
The worker ant is heavily wounded.
The worker ant completely misses you.
You hit the worker ant.
The worker ant looks as sick as possible!
The worker ant is severely wounded.
The worker ant barely misses you.
You hit the worker ant.
You kill the worker ant!
You see here 8 gold pieces.
You now have 123 gold pieces (gained 8).
The orc shouts!
Your transformation is almost over.
You hear the brisk rusting of a distant drain.
The orc misses you.
You hit the orc.
The orc is poisoned.
The orc is heavily wounded.
The orc hits you with a whip of electrocution.
You are electrocuted!
Ouch! That really hurt!
* * * LOW HITPOINT WARNING * * *
You take 23 damage, and have 4/33 hp.
MASSIVE DAMAGE!!
Your transformation has ended.
You kill the orc!
Casting: Spider Form (safe; 22% risk of failure)
Confirm with . or Enter, or press ? or * to list all spells.
You miscast Spider Form.
You are very lightly contaminated with residual magic.
You feel a strange surge of energy!
You now have 4/8 mp.
You completely miss the orc. Your grab misses the orc.
The orc hits you with a mace.
You die...
Your body crumbles into a pile of gold. █..█ █)█ █... ██.█ █.█ ████ █.█ █.█ █.█ ... █.██ ..... █o$█

.......
██.███.......█
█.o██.......█
██@██.......█
█..........
█.█..████.█
█.██.█ █ .█ ██


You could see 2 orcs.

Vanquished Creatures
  Jessica (D:2)
  A worker ant (D:3)
  Robin (D:2)
  2 adders
  A shadow imp (D:3)
  2 worms
  A dart slug (D:2)
  3 leopard geckos
  5 orcs
  3 bats
  3 giant cockroaches
  15 goblins
  6 hobgoblins
  9 jackals (D:2)
  4 kobolds
  A quokka (D:2)
  4 frilled lizards
  6 rats
68 creatures vanquished.

Notes
Turn   | Place    | Note
-------+----------+-------------------------------------------
     0 | D:1      | Goblin1989 the Octopode Transmuter began the quest for the Orb.
     0 | D:1      | Reached XP level 1. HP: 13/13 MP: 3/3
   392 | D:1      | Reached XP level 2. HP: 18/18 MP: 3/5
   396 | D:1      | Learned a level 2 spell: Sticks to Snakes
   446 | D:1      | Found a shattered altar of Ashenzari.
   554 | D:1      | Reached skill level 3 in Transmutations
  1188 | D:2      | Reached XP level 3. HP: 19/23 MP: 3/6
  1494 | D:2      | Noticed Robin
  1674 | D:2      | Noticed Jessica
  1680 | D:2      | Learned a level 3 spell: Spider Form
  1687 | D:2      | Killed Jessica
  1687 | D:2      | Reached skill level 4 in Transmutations
  1687 | D:2      | Reached XP level 4. HP: 25/28 MP: 3/7
  1977 | D:2      | Killed Robin
  3241 | D:3      | Found an opulent altar of Gozag.
  3250 | D:3      | Became a worshipper of Gozag Ym Sagoz the Greedy
  3286 | D:3      | Reached XP level 5. HP: 27/33 MP: 5/8
  3358 | D:3      | Reached skill level 5 in Transmutations
  3387 | D:3      | Slain by an orc

Vault maps used:
D:1:      lemuel_arrival_muddy, evilmike_ruin_ashenzari
D:2:      kennysheep_big_flooded_room, uniq_robin, uniq_jessica
D:3:      lemuel_zombie_altar_kikubaaqudgha, grunt_gozag_statues,
          cheibrodos_sewer_entry_drain

Skill      XL: |  1  2  3  4  5 |
---------------+----------------+-----
Transmutations | 3 4 5 |  5.0
Fighting       | |  1.4
Dodging        | |  2.3
Unarmed Combat | |  3.4
Spellcasting   | |  2.0

Action                   |  1- 3 |  4- 6 || total
-------------------------+-------+-------++-------
Melee: Unarmed           |    57 |    98 ||   155
       Constrict         |    16 |     9 ||    25
       Kick              |     9 |       ||     9
       Tentacles         |     7 |     6 ||    13
       Punch             |       |     1 ||     1
 Cast: Beastly Appendage |    14 |       ||    14
       Spider Form       |     1 |     9 ||    10
  Use: Scroll            |       |     5 ||     5
 Stab: Sleeping          |     5 |     2 ||     7
  Eat: Chunk             |     3 |     4 ||     7
       Ration            |       |     1 ||     1
Armor: Skin              |     2 |     1 ||     3
Dodge: Dodged            |    30 |    64 ||    94

Table legend:
 A = Spawn XP
 B = Non-spawn XP
 C = Spawn XP percentage of total XP
 D = Spawn monster count
 E = Non-spawn monster count
 F = Spawn count percentage of total count
 G = Total turns spent on level
                    A         B        C        D         E        F      G
               +---------+---------+-------+---------+---------+-------+---------
         Total |       0 |     251 |   0.0 |       0 |      68 |   0.0 |  3387
               +---------+---------+-------+---------+---------+-------+---------
           D:1 |       0 |      20 |   0.0 |       0 |      12 |   0.0 |   828
           D:2 |       0 |     140 |   0.0 |       0 |      39 |   0.0 |  2360
           D:3 |       0 |      91 |   0.0 |       0 |      17 |   0.0 |   199
               +---------+---------+-------+---------+---------+-------+---------

Vault maps used:
D:1:      lemuel_arrival_muddy, evilmike_ruin_ashenzari
D:2:      kennysheep_big_flooded_room, uniq_robin, uniq_jessica
D:3:      lemuel_zombie_altar_kikubaaqudgha, grunt_gozag_statues,
          cheibrodos_sewer_entry_drain
